 Dungeon Crawl Stone Soup version 0.31-a0-675-g238779eb0a (webtiles) character file.

Game seed: 3542053881340041190

615459 Gelion the Skinwalker (level 27, -15/200 HPs)
             Began as an Octopode Shapeshifter on Sept 6, 2023.
             Was an Initiate of Gozag.
             Killed by dispel undead
             ... invoked by an ushabti
              (17 damage)
             ... on level 2 of the Tomb of the Ancients.
             The game lasted 02:29:51 (71226 turns).

Gelion the Skinwalker (Octopode Shapeshifter)      Turns: 71226, Time: 02:29:52

Health: -15/200    AC:  8    Str: 25    XL:     27
Magic:  2/40       EV: 28    Int: 32    God:    Gozag
Gold:   11642      SH: 19    Dex: 16    Spells: 39/53 levels left

rFire   + +          .
                       - Unarmed
rCold   + + +        L - +6 buckler of Recklessness {Slay+6}
rNeg    + + +        E - +1 hat of Paniekhlu {rF+ Str+3}
rPois   ∞            P - amulet of reflection
rElec   +            m - ring of resist corrosion
rCorr   +            S - ring of Opehegul {rPois rN+ Int+6}
SInv    +            v - ring of the Eagle {AC+4 Str+3 Slay+6}
Will    +++++        w - ring of see invisible
Stlth   ++           b - ring "Kocwes" {Wiz rElec Int+5}
HPRegen 0.53/turn    c - ring of Vuyqib {Str+3 Int+2 Slay+4}
MPRegen 0.27/turn    g - ring of Ytur Jev {rC++ Will+ Dex-3}
                     Z - ring "Ygubbib" {rF+ rN+ Will+ EV+5 Int+3}

%: reflection, wizardry (x1)
@: death-form, marked, gold aura, slowed, very slow
A: vile attack, torment immunity, no potions, almost no armour, amphibious, 8
rings, camouflage 1, gelatinous body 1, (nimble swimmer 1), tentacles,
iridescent scales 1, sense surroundings 1
}: 4/15 runes: serpentine, barnacled, slimy, silver
a: Siphon Essence, Begin Untransformation, Renounce Religion, Potion Petition,
Call Merchant, Bribe Branch


You were on level 2 of the Tomb of the Ancients.
You worshipped Gozag.
Gozag was extremely pleased with you.
You were an undying horror.
You visited 12 branches of the dungeon, and saw 53 of its levels.
You visited 1 bazaar.
You also visited: Ice Cave.

You collected 29862 gold pieces.
You spent 11501 gold pieces at shops.
You paid 6719 gold pieces to Gozag.

Inventory:

Missiles
 A - 7 silver javelins
Armour
 E - the +1 hat of Paniekhlu (worn) {rF+ Str+3}
   (You found it on level 3 of the Vaults)

   Str+3:     It affects your strength (+3).
   rF+:       It protects you from fire.
 L - the +6 buckler of Recklessness (worn) {Slay+6}
   (You bought it in a shop on level 1 of the Orcish Mines)

   Slay+6:    It affects your accuracy & damage with ranged weapons and melee
   (+6).
Jewellery
 b - the ring "Kocwes" (on tentacle) {Wiz rElec Int+5}
   (You bought it in a shop on level 15 of the Dungeon)

   [ring of wizardry]

   Wiz:       It improves your spell success rate.
   Int+5:     It affects your intelligence (+5).
   rElec:     It insulates you from electricity.
 c - the ring of Vuyqib (on tentacle) {Str+3 Int+2 Slay+4}
   (You found it on level 3 of the Lair of Beasts)

   [ring of slaying]

   Str+3:     It affects your strength (+3).
   Int+2:     It affects your intelligence (+2).
   Slay+4:    It affects your accuracy & damage with ranged weapons and melee
   (+4).
 g - the ring of Ytur Jev (on tentacle) {rC++ Will+ Dex-3}
   (You found it on level 3 of the Lair of Beasts)

   [ring of willpower]

   Dex-3:     It affects your dexterity (-3).
   rC++:      It greatly protects you from cold.
   Will+:     It increases your willpower.
 m - a ring of resist corrosion (left tentacle)
 v - the ring of the Eagle (on tentacle) {AC+4 Str+3 Slay+6}
   (You acquired it on level 8 of the Dungeon)

   [ring of protection]

   AC+4:      It affects your AC (+4).
   Str+3:     It affects your strength (+3).
   Slay+6:    It affects your accuracy & damage with ranged weapons and melee
   (+6).
 w - a ring of see invisible (on tentacle)
 P - an amulet of reflection (around mantle)
 S - the ring of Opehegul (right tentacle) {rPois rN+ Int+6}
   (You found it on level 3 of the Crypt)

   [ring of positive energy]

   Int+6:     It affects your intelligence (+6).
   rPois:     It protects you from poison rN+: It protects you from negative
   energy.
 Z - the ring "Ygubbib" (on tentacle) {rF+ rN+ Will+ EV+5 Int+3}
   (You bought it in a shop on level 3 of the Elven Halls)

   [ring of evasion]

   EV+5:      It affects your evasion (+5).
   Int+3:     It affects your intelligence (+3).
   rF+:       It protects you from fire.
   rN+:       It protects you from negative energy.
   Will+:     It increases your willpower.
Talismans
 t - a storm talisman
 z - a dragon-blood talisman
 D - a granite talisman
 F - a talisman of death (active)
Wands
 i - a wand of polymorph (27)
 l - a wand of paralysis (52)
 s - a wand of mindburst (56)
 C - a wand of quicksilver (40)
 G - a wand of roots (46)
 H - a wand of flame (101)
 U - a wand of digging (28)
Scrolls
 e - 10 scrolls of vulnerability
 h - 19 scrolls of teleportation
 j - 8 scrolls of revelation
 k - 16 scrolls of poison
 n - a scroll of torment
 p - 10 scrolls of enchant weapon
 q - 9 scrolls of fog
 y - 8 scrolls of amnesia
 B - 4 scrolls of fear
 I - 3 scrolls of butterflies
 M - 3 scrolls of brand weapon
 O - 9 scrolls of immolation
 Q - 2 scrolls of blinking
 T - 4 scrolls of enchant armour
 V - a scroll of silence
Potions
 a - 8 potions of lignification
 d - 31 potions of curing
 f - 4 potions of haste
 o - 8 potions of cancellation
 r - 11 potions of enlightenment
 u - 10 potions of resistance
 x - 4 potions of mutation
 J - 10 potions of heal wounds
 K - 6 potions of berserk rage
 N - 6 potions of might
 R - 2 potions of ambrosia
 W - 5 potions of invisibility
 X - 6 potions of brilliance
 Y - 2 potions of magic


   Skills:
 + Level 19.7 Fighting
 + Level 17.0 Dodging
 - Level 14.5 Shields
 + Level 19.7 Unarmed Combat
 + Level 13.8 Spellcasting
 + Level 15.0 Translocations
 * Level 24.8 Shapeshifting


You had 39 spell levels left.
You knew the following spells:

 Your Spells              Type           Power      Damage    Failure   Level
a - Blink                 Tloc           100%       N/A       0%          2
b - Manifold Assault      Tloc           87%        N/A       1%          4
c - Ozocubu's Armour      Ice            22%        N/A       2%          3
d - Borgnjor's Vile Clut  Necr/Erth      11%        N/A       24%         5

Your spell library contained the following spells:

 Spells                   Type           Power      Damage    Failure   Level
 Apportation              Tloc           100%       N/A       0%          1
 Lesser Beckoning         Tloc           100%       N/A       0%          2
 Gell's Gravitas          Tloc           87%        N/A       0%          3
 Teleport Other           Tloc           87%        N/A       0%          3
 Foxfire                  Conj/Fire      88%        2x1d8     1%          1
 Magic Dart               Conj           88%        1d7       1%          1
 Necrotise                Necr           88%        1d8       1%          1
 Sandblast                Erth           44%        2d11      1%          1
 Shock                    Conj/Air       88%        1d8       1%          1
 Slow                     Hex            88%        N/A       1%          1
 Sting                    Tmut/Pois      88%        1d7       1%          1
 Summon Small Mammal      Summ           88%        N/A       1%          1
 Call Imp                 Summ           44%        N/A       1%          2
 Cigotuvi's Dreadful Rot  Necr/Pois/Air  44%        N/A       1%          2
 Ensorcelled Hibernation  Hex/Ice        44%        N/A       1%          2
 Momentum Strike          Conj/Tloc      100%       3d10      1%          2
 Passwall                 Tmut/Erth      18%        N/A       1%          2
 Poisonous Vapours        Pois/Air       44%        N/A       1%          2
 Searing Ray              Conj           44%        2d6       1%          2
 Portal Projectile        Hex/Tloc       100%       N/A       1%          3
 Volatile Blastmotes      Fire/Tloc      100%       2d18      1%          3
 Iskenderun's Mystic Bla  Conj/Tloc      63%        2d13      1%          4
 Passage of Golubria      Tloc           87%        N/A       1%          4
 Vhi's Electric Charge    Tloc/Air       100%       N/A       1%          4
 Summon Forest            Summ/Tloc      31%        N/A       1%          5
 Dispersal                Tloc           43%        N/A       1%          6
 Call Canine Familiar     Summ           22%        N/A       2%          3
 Confusing Touch          Hex            22%        N/A       2%          3
 Dazzling Flash           Conj/Hex       44%        N/A       2%          3
 Hailstorm                Conj/Ice       22%        3d7       2%          3
 Ignite Poison            Fire/Tmut/Pois 22%        N/A       2%          3
 Inner Flame              Hex/Fire       22%        N/A       2%          3
 Mephitic Cloud           Conj/Pois/Air  22%        N/A       2%          3
 Stone Arrow              Conj/Erth      44%        3d9       2%          3
 Summon Guardian Golem    Hex/Summ       22%        N/A       2%          3
 Swiftness                Air            22%        N/A       2%          3
 Tukima's Dance           Hex            22%        N/A       2%          3
 Vampiric Draining        Necr           22%        2d7       2%          3
 Airstrike                Air            11%        2d(2-18)  9%          4
 Anguish                  Hex/Necr       11%        N/A       9%          4
 Cause Fear               Hex            11%        N/A       9%          4
 Dispel Undead            Necr           22%        3d12      9%          4
 Flame Wave               Conj/Fire      22%        2d8       9%          4
 Fulminant Prism          Conj/Hex       11%        3d8       9%          4
 Leda's Liquefaction      Hex/Erth       11%        N/A       9%          4
 Olgreb's Toxic Radiance  Pois           22%        N/A       9%          4
 Sticky Flame             Conj/Fire      22%        2d4       9%          4
 Summon Ice Beast         Ice/Summ       22%        N/A       9%          4
 Summon Lightning Spire   Summ/Air       22%        N/A       9%          4
 Disjunction              Tloc           43%        N/A       12%         8
 Alistair's Intoxication  Tmut/Pois      14%        N/A       24%         5
 Arcjolt                  Conj/Air       11%        1d21      24%         5
 Fireball                 Conj/Fire      11%        3d7       24%         5
 Freezing Cloud           Conj/Ice/Air   11%        6-21      24%         5
 Iskenderun's Battlesphe  Conj           22%        2d8       24%         5
 Lee's Rapid Deconstruct  Erth           11%        3d8*      24%         5
 Metabolic Englaciation   Hex/Ice        11%        N/A       24%         5
 Silence                  Hex/Air        11%        N/A       24%         5
 Yara's Violent Unravell  Hex/Tmut       11%        3d6       24%         5
 Conjure Ball Lightning   Conj/Air       11%        3x3d6     77%         6
 Death Channel            Necr           11%        N/A       77%         6
 Eringya's Noxious Bog    Tmut/Pois      11%        4d6       77%         6
 Leda's Unmaking          Conj/Erth      11%        9d3       77%         6
 Plasma Beam              Fire/Air       11%        2x1d22    77%         6
 Starburst                Conj/Fire      11%        6d5       77%         6
 Haunt                    Necr/Summ      11%        N/A       99%         7
 Orb of Destruction       Conj           11%        9d6       99%         7
 Ozocubu's Refrigeration  Ice            11%        4d9       99%         7
 Spellforged Servitor     Conj/Summ      11%        N/A       99%         7
 Summon Hydra             Summ           11%        N/A       99%         7
 Borgnjor's Revivificati  Necr           11%        N/A       100%        8
 Discord                  Hex            11%        N/A       100%        8
 Ignition                 Fire           11%        3d5       100%        8
 Infestation              Necr           11%        N/A       100%        8
 Lehudib's Crystal Spear  Conj/Erth      11%        10d4      100%        8
 Maxwell's Capacitive Co  Air            11%        ∞         100%        8
 Death's Door             Necr           11%        N/A       100%        9
 Dragon's Call            Summ           11%        N/A       100%        9
 Polar Vortex             Ice            11%        12d1*     100%        9
 Animate Armour           Summ/Erth      Unusable   N/A       N/A         4
 Animate Dead             Necr           Unusable   N/A       N/A         4
 Simulacrum               Ice/Necr       Unusable   N/A       N/A         6

Dungeon Overview and Level Annotations

Branches:
Dungeon (15/15)            Temple (1/1) D:4            Lair (5/5) D:10
 Shoals (4/4) Lair:2        Snake (4/4) Lair:2        Slime (5/5) Lair:5
    Orc (2/2) D:10            Elf (3/3) Orc:2        Vaults (5/5) D:13
  Crypt (3/3) Vaults:2       Tomb (2/3) Crypt:3      Depths (4/4) D:15
    Zot (0/5) Depths:4      IceCv (visited)

Altars:
Ashenzari
Cheibriados
Dithmenos
Elyvilon
Fedhas
Gozag
Hepliaklqana
Kikubaaqudgha
Makhleb
Nemelex Xobeh
Okawaru
Qazlal
Ru
Sif Muna
Trog
Uskayaw
Vehumet
Wu Jian
Xom
Yredelemnul
Zin
The Shining One
Lugonu

Shops:
D:3 *   D:7 [   D:8 =   D:10 [   D:13 =   D:15 =   Orc:1 ([(!*   Orc:2 ?:[?
Elf:1 *   Elf:3 =   Shoals:4 =!!(   Snake:4 =   Vaults:1 *   Vaults:2 :
Vaults:3 [   Vaults:5 ?*?   Depths:4 ?==

Portals:
Hell: Depths:1 Depths:2 Depths:3 Depths:4
Abyss: Depths:3 Depths:4
Pandemonium: Depths:2
Ziggurat: Depths:2


Innate Abilities, Weirdness & Mutations

You are an undying horror.
Your melee and unarmed attacks drain, slow and weaken victims.
You are immune to unholy pain and torment.
You cannot drink.
You are immune to poison.
You cannot wear most types of armour.
You are amphibious.
You can wear up to eight rings at the same time.
Your skin changes colour to match your surroundings (Stealth+).
Your rubbery body absorbs attacks. (AC +1, EV +1)
((You are camouflaged when in or above water. (Stealth+)))
You have tentacles for arms and can constrict up to eight enemies at once.
You are partially covered in iridescent scales. (AC +2)
You passively map a small area around you.


Message History

You are too injured to fight recklessly!
Casting: Manifold Assault (safe; 1% risk of failure)
Confirm with . or Enter, or press ? or * to list all spells.
Space momentarily warps into an impossible shape!
You bludgeon the ushabti!
The ushabti is no longer distracted by gold.
You hear a loud "Zot"!
An ushabti comes into view.
You block the death scarab's attack.
The ushabti shakes and rattles deafeningly!
The ushabti gestures stiffly at you.
You convulse!
You block the mummy's attack.
Casting: Manifold Assault (safe; 1% risk of failure)
Confirm with . or Enter, or press ? or * to list all spells.
Space momentarily warps into an impossible shape!
You batter the death scarab!!
The death scarab decays.
The death scarab is no longer distracted by gold.
The death scarab is distracted by your dazzling golden aura.
The death scarab barely misses you. You block the death scarab's attack. x2
The ushabti shakes and rattles deafeningly!
The ushabti gestures stiffly at you.
You convulse!
* * * LOW HITPOINT WARNING * * *
The death scarab sets off the alarm!
The alarm trap emits a blaring wail!
The mark upon you grows brighter. You block the mummy's attack.
The death scarab's many legs skitter faintly.
You block the death scarab's attack. The death scarab bites you!!
* * * LOW HITPOINT WARNING * * *
The death scarab drains your vigour!
You feel as though you will be slow longer.
The ushabti gestures stiffly at you.
You convulse!
* * * LOW HITPOINT WARNING * * *
The ushabti gestures stiffly at you.
You convulse!
You die...
Your body crumbles into a pile of gold.
Bones file is buggy: /crawl-master/crawl-git/saves/bones/bones.store.Tomb Clearing bad bones file: /crawl-master/crawl-git/saves/bones/bones.store.Tomb

*
##############
* * ,
#..9.^..MB...#
,
#....^zB.$9.M#
,
#...B..B..$.9'^
,^
#..(9?B......#.
#..^.........#
, , , *
##############
,,,, , , , , ,
, ,, , *
...............
,


You could see 4 ushabtiu, 5 death scarabs and 2 mummies.

Vanquished Creatures
  the Royal Jelly (Slime:5)
  3 dread liches
  2 ancient liches
  The ghost of Sundig the Conqueror, a veteran MiFi of Qazlal (Crypt:2)
  Mara (Snake:3)
  2 juggernauts (Depths:3)
  3 royal mummies
  Sojobo (Vaults:4)
  Frederick (Crypt:2)
  Saint Roka (Depths:2)
  Bai Suzhen (Snake:3)
  Vashnia (Snake:3)
  Xtahua (Vaults:4)
  A caustic shrike (Depths:2)
  The ghost of Sundig the Slayer, an adept MiFi of Qazlal (Vaults:3)
  5 golden dragons
  2 bone dragons
  Jory (Depths:4)
  A profane servitor (Crypt:3)
  the Enchantress (Depths:3)
  Jorgrun (D:12)
  5 tentacled monstrosities
  Asterion (Snake:4)
  Mlioglotl (Shoals:2)
  7 liches
  4 titans
  3 quicksilver dragons
  4 deep elf master archers (Elf:3)
  A walking crystal tome (Depths:3)
  A deep elf blademaster (Elf:3)
  Polyphemus (Shoals:4)
  11 sphinxes
  10 ancient champions
  19 acid blobs
  Agnes (Snake:3)
  8 shadow dragons
  Frances (D:13)
  4 revenants
  6 storm dragons
  Kirke (D:15)
  Aizul (Snake:4)
  16 azure jellies
  6 tengu reavers
  The ghost of SirDiesAlot the Cryomancer, an adept OpIE of Sif Muna (Snake:4)
  3 nagarajas
  Ilsuiw (Shoals:3)
  7 fire giants
  A draconian monk (Depths:4)
  16 frost giants
  4 deep elf sorcerers (Elf:3)
  14 rockslimes
  An iron dragon (Depths:1)
  17 vault wardens
  The ghost of Jamimocw the Cruncher, a journeyman MiGl of Cheibriados (D:13)
  A draconian scorcher (Depths:4)
  4 spriggan defenders
  Louise (D:14)
  2 deep elf elementalists (Elf:3)
  6 ghouls
  2 curse skulls (Crypt:3)
  A quicksilver ooze (shapeshifter) (Depths:3)
  3 orc warlords
  24 ironbound preservers
  7 formless jellyfish
  A broodmother (shapeshifter) (Depths:2)
  3 war gargoyles
  25 very ugly things
  8 vampire knights
  13 stone giants
  A rockslime zombie (Crypt:2)
  A black draconian (Depths:4)
  14 quicksilver oozes
  11 ironbound thunderhulks
  2 green draconians (Depths:4)
  9 deep elf annihilators
  A purple draconian (Depths:4)
  A yellow draconian (Depths:4)
  Azrael (D:14)
  The ghost of Alealo Viph the Grappler, a journeyman TrFi of Okawaru (D:13)
  The ghost of Gawasace the Cleaver, a journeyman FoFi of Wu Jian (D:13)
  6 deep elf demonologists
  Nessos (D:14)
  2 spark wasps (Depths:3)
  10 ettins
  2 bennus (Tomb:2)
  A spark wasp (shapeshifter) (Depths:3)
  The ghost of TheSexyCheese the Destroyer, a journeyman GrFE of Vehumet (Lair:3)
  2 red draconians (Depths:4)
  12 dire elephants (Vaults:1)
  5 eidola
  6 mummy priests
  6 merfolk javelineers
  Josephine (D:11)
  8 jiangshi
  16 great orbs of eyes
  2 quicksilver dragon zombies (Crypt:3)
  7 deep elf death magi
  9 yaktaur captains
  4 fire dragons
  An entropy weaver (Vaults:4)
  7 deep elf high priests
  The ghost of pokeman the Eclecticist, a journeyman DEHW of Vehumet (D:14)
  8 ice dragons
  4 merfolk impalers
  A rakshasa (Depths:1)
  4 salamander tyrants (Snake:4)
  Erolcha (D:10)
  A caustic shrike simulacrum (IceCv)
  3 hydras
  35 vault guards
  9 catoblepae
  A spriggan air mage (Depths:3)
  4 ironbound frosthearts
  A spriggan skeleton (Crypt:3)
  An alligator snapping turtle (Shoals:2)
  5 merfolk avatars
  18 centaur warriors
  2 ogre magi
  10 anacondas
  22 dancing weapons
  5 naga warriors
  13 two-headed ogres
  2 death knights
  19 death yaks
  4 merfolk aquamancers (Shoals:4)
  10 deep troll shamans
  5 deep troll earth magi
  7 death scarabs
  10 tengu warriors
  11 vampire magi
  3 boulder beetles
  4 orc high priests (Orc:2)
  17 naga sharpshooters
  6 spriggan berserkers
  3 shock serpents
  2 soul eaters
  18 deep elf knights
  5 sun demons (Shoals:3)
  7 hell knights (Depths:3)
  Sonja (D:13)
  3 iron trolls
  3 skysharks
  6 salamander mystics
  A storm dragon zombie (Crypt:1)
  36 skeletal warriors
  A bog body (Crypt:1)
  3 flayed ghosts
  A sun moth (Shoals:3)
  2 glowing orange brains
  66 deep trolls
  A storm dragon skeleton (Crypt:3)
  A goliath frog (shapeshifter) (Vaults:5)
  12 sea snakes
  A glowing orange brain (shapeshifter) (Depths:4)
  9 deep elf archers
  7 wizards
  8 lindwurms
  A spriggan simulacrum (Snake:1)
  24 harpies
  7 naga ritualists
  A harpy (shapeshifter) (D:14)
  A swamp dragon (shapeshifter) (Depths:1)
  2 orange crystal statues
  16 ironbound convokers
  25 deep elf pyromancers
  13 phantasmal warriors
  18 deep elf zephyrmancers
  2 anaconda skeletons
  3 necromancers
  4 orc sorcerers
  9 orc knights
  A fire giant zombie (Crypt:2)
  A mana viper (shapeshifter) (Depths:3)
  4 shining eyes
  11 mana vipers
  A faun (Shoals:2)
  A cyclops (shapeshifter) (Depths:1)
  46 ugly things
  5 cyclopes
  3 oklob plants
  Maurice (D:13)
  17 salamanders
  91 slime creatures
  10 elephants
  18 manticores
  A centaur zombie (Crypt:3)
  10 merfolk sirens
  35 black mambas
  5 water nymphs
  15 vault sentinels
  A stone giant skeleton (Crypt:3)
  3 guardian serpents (Snake:4)
  A shock serpent zombie (Crypt:3)
  3 eyes of devastation
  3 gargoyles
  14 naga magi
  A dire elephant zombie (Crypt:1)
  2 torpor snails (Lair:1)
  A centaur skeleton (Tomb:1)
  11 cane toads
  Maggie (D:6)
  5 komodo dragons
  A kobold demonologist (D:10)
  3 rime drakes
  An efreet (D:15)
  An unseen horror (shapeshifter) (D:13)
  15 yaktaurs
  2 yaktaurs (shapeshifter)
  A golden dragon simulacrum (IceCv)
  A harpy zombie (Crypt:3)
  2 tengu conjurers
  3 anaconda simulacra
  10 freezing wraiths
  A human zombie (Vaults:1)
  2 yaktaur skeletons
  2 polar bears
  14 guardian mummies
  28 merfolk
  8 trolls
  4 wind drakes
  9 hornets
  6 dream sheep
  A jumping spider zombie (Crypt:2)
  A harpy skeleton (Crypt:3)
  A stone giant simulacrum (Vaults:4)
  23 blink frogs
  4 alligator simulacra
  14 snapping turtles
  7 vampires
  A satyr zombie (Crypt:3)
  A guardian serpent skeleton (Crypt:1)
  17 flying skulls
  A satyr skeleton (Crypt:1)
  A fire dragon skeleton (Crypt:3)
  A spriggan (shapeshifter) (Vaults:5)
  10 water elementals
  A shadow (D:12)
  10 wraiths
  52 yaks
  8 spriggans
  3 air elementals (Elf:1)
  A yak (shapeshifter) (D:13)
  An ushabti (Tomb:1)
  5 wyverns
  A dire elephant simulacrum (Tomb:1)
  5 basilisks
  4 fire elementals (D:14)
  2 hogs (D:15)
  A human (D:5)
  12 golden eyes
  10 vampire mosquitoes
  A minotaur simulacrum (Snake:1)
  A redback (Vaults:4)
  Menkaure (D:7)
  A harpy simulacrum (Snake:1)
  A fire bat zombie (Crypt:3)
  32 nagas
  2 acid dragons
  3 hell hounds (D:14)
  7 swamp worms (Lair:3)
  A glowing shapeshifter zombie (Vaults:1)
  10 water moccasins
  6 wargs
  2 floating eyes
  A two-headed ogre skeleton (Tomb:1)
  A hydra simulacrum (IceCv)
  2 black bears
  46 orc warriors
  An ice beast (Vaults:4)
  A black bear (shapeshifter) (D:13)
  A sky beast (D:7)
  An ettin simulacrum (IceCv)
  3 wolves (Lair:2)
  19 ogres
  12 centaurs
  A dream sheep skeleton (Crypt:3)
  2 phantoms
  A kobold brigand (D:10)
  12 bullfrogs
  4 gnoll sergeants
  A necrophage (Crypt:3)
  2 earth elementals
  5 scorpions
  2 deep troll simulacra (Snake:1)
  A komodo dragon skeleton (Crypt:1)
  8 wights
  20 killer bees
  11 howler monkeys
  4 electric eels (D:12)
  A jelly (D:6)
  4 hounds
  Crazy Yiuf (D:4)
  38 orc priests
  A gnoll bouda (Orc:1)
  A human skeleton (D:5)
  Jessica (D:3)
  3 iguanas
  A sleepcap (D:5)
  27 orc wizards
  A boggart skeleton (Crypt:2)
  2 deep dwarf skeletons
  An acid dragon skeleton (Crypt:2)
  An ogre skeleton (Crypt:2)
  28 mummies
  A howler monkey zombie (Crypt:1)
  22 gnolls
  8 adders
  A steam dragon skeleton (Crypt:1)
  4 white imps
  An adder zombie (Crypt:2)
  A worm (D:3)
  2 dart slugs (D:3)
  125 orcs
  4 ball pythons
  7 endoplasms
  3 giant cockroaches
  12 goblins
  14 hobgoblins
  8 jackals
  3 quokkas
  3 bats
  4 frilled lizards
  A goblin zombie (D:5)
  A jackal skeleton (D:5)
  A jackal zombie (Crypt:3)
  15 kobolds
  A kobold zombie (D:5)
  7 rats
2258 creatures vanquished.

Vanquished Creatures (others)
  A fire giant (Depths:3)
  A merfolk javelineer (Shoals:4)
  4 humans (D:15)
  An orc warrior (Depths:2)
  An orc (Depths:2)
8 creatures vanquished.

Grand Total: 2266 creatures vanquished

Notes
Turn   | Place    | Note
-------+----------+-------------------------------------------
     0 | D:1      | Gelion the Octopode Shapeshifter began the quest for the
                  | Orb.
     0 | D:1      | Reached XP level 1. HP: 13/13 MP: 1/1
    90 | D:1      | Reached XP level 2. HP: 18/18 MP: 2/2
   417 | D:1      | Reached XP level 3. HP: 23/23 MP: 3/3
   958 | D:2      | Reached XP level 4. HP: 29/29 MP: 4/4
  1001 | D:2      | Reached skill level 4 in Shapeshifting
  1692 | D:3      | Found Ygaf's Assorted Antiques.
  1729 | D:3      | Found a blossoming altar of Fedhas.
  1754 | D:3      | Reached XP level 5. HP: 21/34 MP: 5/5
  1902 | D:3      | Found a faded altar of an unknown god.
  1977 | D:3      | Noticed Jessica
  1986 | D:3      | Killed Jessica
  2192 | D:3      | Reached XP level 6. HP: 19/41 MP: 6/6
  2356 | D:3      | Reached skill level 5 in Shapeshifting
  2628 | D:4      | HP: 2/42 [poisoned by a scorpion]
  2876 | D:4      | Found a staircase to the Ecumenical Temple.
  2887 | Temple   | Entered the Ecumenical Temple
  2897 | Temple   | Became a worshipper of Gozag Ym Sagoz the Greedy
  3160 | D:4      | Reached XP level 7. HP: 28/46 MP: 7/7
  3457 | D:4      | Found a runed translucent door.
  3458 | D:4      | Noticed Crazy Yiuf
  3465 | D:4      | Killed Crazy Yiuf
  3912 | D:5      | Entered Level 5 of the Dungeon
  3938 | D:5      | Found a runed translucent door.
  3938 | D:5      | Noticed a human
  3954 | D:5      | Found a basalt altar of Yredelemnul.
  3972 | D:5      | Killed a human
  3973 | D:5      | Reached skill level 5 in Unarmed Combat
  3973 | D:5      | Reached skill level 6 in Shapeshifting
  4098 | D:5      | Found an ancient bone altar of Kikubaaqudgha.
  4192 | D:5      | Reached XP level 8. HP: 17/54 MP: 8/8
  4541 | D:5      | Noticed a +0 dagger
  4541 | D:5      | Noticed a +0 falchion
  4542 | D:5      | Noticed a +0 short sword
  4543 | D:5      | Noticed a +0 spear
  4545 | D:5      | Noticed a +0 dagger
  4545 | D:5      | Noticed a +0 short sword
  4545 | D:5      | Noticed a +0 spear
  4547 | D:5      | Noticed a +0 falchion
  4555 | D:5      | Found a hide-covered altar of Uskayaw.
  4667 | D:5      | Found a snail-covered altar of Cheibriados.
  5185 | D:6      | Reached skill level 7 in Shapeshifting
  5306 | D:6      | Reached skill level 5 in Fighting
  5521 | D:6      | Found a shimmering blue altar of Sif Muna.
  5588 | D:6      | Found a shadowy altar of Dithmenos.
  5696 | D:6      | Noticed Maggie
  5706 | D:6      | Killed Maggie
  5707 | D:6      | Reached skill level 8 in Shapeshifting
  5707 | D:6      | Reached XP level 9. HP: 61/61 MP: 9/9
  6243 | D:7      | Noticed Menkaure
  6258 | D:7      | Killed Menkaure
  6897 | D:7      | Found Riahin's Armour Shoppe.
  7029 | D:7      | Found a glowing silver altar of Zin.
  7031 | D:7      | Noticed an angel
  7161 | D:8      | Reached skill level 9 in Shapeshifting
  7317 | D:8      | Reached XP level 10. HP: 18/69 MP: 10/10
  7794 | D:8      | Found a large runed translucent door.
  7795 | D:8      | Found a large runed translucent door.
  7804 | D:8      | Noticed a gargoyle
  7804 | D:8      | Noticed a boulder beetle
  7812 | D:8      | Found a large runed translucent door.
  7812 | D:8      | Found a large runed translucent door.
  7873 | D:8      | Reached skill level 10 in Shapeshifting
  8168 | D:8      | Noticed a catoblepas
  8177 | D:8      | Killed a catoblepas
  8981 | D:8      | Identified a scroll of acquirement
  8981 | D:8      | Acquired the ring of the Eagle {AC+4 Str+3 Slay+6}
  8989 | D:8      | Bought a ring of see invisible for 225 gold pieces
  9004 | D:9      | Found an iron altar of Okawaru.
  9457 | D:9      | Found a white marble altar of Elyvilon.
 10111 | D:9      | Reached skill level 11 in Shapeshifting
 10527 | D:9      | Noticed a two-headed ogre
 10842 | D:9      | Killed a two-headed ogre
 10843 | D:9      | Reached XP level 11. HP: 78/78 MP: 11/11
 10868 | D:10     | Entered Level 10 of the Dungeon
 11049 | D:10     | Noticed a two-headed ogre
 11060 | D:10     | Killed a two-headed ogre
 11133 | D:10     | Found a staircase to the Orcish Mines.
 11134 | D:10     | Noticed an orc knight
 11148 | D:10     | Killed an orc knight
 11297 | D:10     | Found Tiniadeg's Armour Shoppe.
 11332 | D:10     | Found a sacrificial altar of Ru.
 11403 | D:10     | Found a staircase to the Lair.
 11659 | D:10     | Noticed Erolcha
 11660 | D:10     | Paralysed by Erolcha for 5 turns
 11668 | D:10     | Killed Erolcha
 11669 | D:10     | Reached skill level 12 in Shapeshifting
 11800 | D:10     | Found a broken altar of Ashenzari.
 12199 | D:10     | Identified the staff "Xoggaofe" {Will- Dex+4 Earth}
 12585 | Lair:1   | Entered Level 1 of the Lair of Beasts
 13123 | Lair:1   | Noticed a catoblepas
 13142 | Lair:1   | Killed a catoblepas
 13171 | Lair:1   | Reached skill level 10 in Unarmed Combat
 13178 | Lair:1   | Reached XP level 12. HP: 86/86 MP: 12/12
 13312 | Lair:1   | Reached skill level 13 in Shapeshifting
 13692 | Lair:1   | Reached skill level 10 in Fighting
 13844 | D:8      | Bought a granite talisman for 1200 gold pieces
 13862 | D:8      | Killed a boulder beetle
 14599 | Lair:2   | Found a staircase to the Shoals.
 14688 | Lair:2   | Found a staircase to the Snake Pit.
 14915 | Lair:2   | Noticed an eight-headed hydra
 14923 | Lair:2   | Killed an eight-headed hydra
 15678 | Lair:3   | Reached skill level 14 in Shapeshifting
 15919 | Lair:3   | Found a large runed translucent door.
 15919 | Lair:3   | Found a large runed translucent door.
 15921 | Lair:3   | Noticed TheSexyCheese's ghost (journeyman GrFE)
 15979 | Lair:3   | Reached XP level 13. HP: 94/94 MP: 13/13
 16195 | Lair:3   | Found a transporter.
 16238 | Lair:3   | Found a transporter.
 16294 | Lair:3   | Killed TheSexyCheese's ghost
 16304 | Lair:3   | Identified the ring of Vuyqib {Str+3 Int+2 Slay+4}
 17080 | Lair:3   | HP: 1/108 [swamp worm/harpoon shot (9)]
 17099 | Lair:3   | Identified the ring of Ytur Jev {rC++ Will+ Dex-3}
 17609 | Lair:4   | Reached skill level 15 in Shapeshifting
 17905 | D:3      | Bought 2 potions of enlightenment for 300 gold pieces
 17905 | D:3      | Bought a dented lapis lazuli amulet for 150 gold pieces
 18011 | D:8      | Bought the ring of Dogma {EV+5 Stlth+} for 687 gold pieces
 18510 | Lair:4   | Reached XP level 14. HP: 102/102 MP: 14/14
 18701 | Lair:5   | Entered Level 5 of the Lair of Beasts
 18806 | Lair:5   | Found a staircase to the Slime Pits.
 18811 | Lair:5   | Learned a level 2 spell: Blink
 19111 | Lair:5   | Reached skill level 5 in Dodging
 19261 | Lair:5   | Reached skill level 16 in Shapeshifting
 20044 | Orc:1    | Entered Level 1 of the Orcish Mines
 20070 | Orc:1    | Found Huoliull's Antique Weapon Boutique.
 20108 | Orc:1    | Found Piabesh's Distillery.
 20173 | Orc:1    | Bought a potion of haste for 130 gold pieces
 20173 | Orc:1    | Bought a potion of invisibility for 104 gold pieces
 20173 | Orc:1    | Bought a potion of might for 52 gold pieces
 20173 | Orc:1    | Bought a potion of berserk rage for 65 gold pieces
 20173 | Orc:1    | Bought a potion of curing for 39 gold pieces
 20224 | Orc:1    | Found Vuicanka's Assorted Antiques.
 20382 | Orc:2    | Entered Level 2 of the Orcish Mines
 20742 | Orc:2    | Noticed an orc warlord
 20744 | Orc:2    | Noticed an orc warlord
 20748 | Orc:2    | Killed an orc warlord
 20779 | Orc:2    | Killed an orc warlord
 20780 | Orc:2    | Reached XP level 15. HP: 32/109 MP: 15/15
 21432 | Orc:2    | Found a staircase to the Elven Halls.
 21637 | Orc:2    | Found Ginuury's Magic Scroll Shoppe.
 21759 | Orc:2    | Found Zorgh's Antique Armour Boutique.
 21866 | Orc:2    | Found Xoan's Magic Scroll Shoppe.
 21871 | Orc:2    | Bought a scroll of revelation for 105 gold pieces
 21871 | Orc:2    | Bought a scroll of revelation for 105 gold pieces
 21876 | Orc:2    | Found Opraguqy's Book Emporium.
 21888 | Orc:2    | Bought a book of the Warp for 630 gold pieces
 21910 | Orc:2    | Reached skill level 17 in Shapeshifting
 22041 | Orc:1    | Found Xuvunly's Armour Boutique.
 22094 | Orc:1    | Found Mirchumi's Weapon Boutique.
 22242 | Orc:1    | Bought the +6 buckler of Recklessness {Slay+6} for 1200
                  | gold pieces
 22418 | D:11     | Identified the +1 leather armour of the Fiddle {Rampage
                  | rCorr Int-3 SInv}
 22581 | D:11     | Learned a level 4 spell: Manifold Assault
 22594 | D:11     | Noticed Josephine
 22600 | D:11     | Killed Josephine
 22806 | D:12     | Noticed Jorgrun
 22814 | D:12     | Killed Jorgrun
 22815 | D:12     | Reached skill level 1 in Shields
 22822 | D:12     | Reached skill level 1 in Translocations
 22929 | D:12     | Reached skill level 1 in Spellcasting
 23173 | D:12     | Noticed a frost giant
 23183 | D:12     | Killed a frost giant
 23478 | D:13     | Noticed Frances
 23488 | D:13     | Killed Frances
 23546 | D:13     | Noticed Sonja
 23549 | D:13     | Killed Sonja
 23556 | D:13     | Found Egyoveri's Jewellery Boutique.
 23582 | D:13     | Bought an amulet of reflection for 390 gold pieces
 23694 | D:13     | Found a runed translucent gate.
 23694 | D:13     | Found a runed translucent gate.
 23694 | D:13     | Found a runed translucent gate.
 23698 | D:13     | Noticed Alealo Viph's ghost (journeyman TrFi)
 23698 | D:13     | Noticed Jamimocw's ghost (journeyman MiGl)
 23702 | D:13     | Noticed Gawasace's ghost (journeyman FoFi)
 23729 | D:13     | Noticed Maurice
 23736 | D:13     | Killed Maurice
 23799 | D:13     | Killed Jamimocw's ghost
 23804 | D:13     | Killed Gawasace's ghost
 23808 | D:13     | Killed Alealo Viph's ghost
 23976 | D:13     | Found a gate to the Vaults.
 24090 | D:14     | Noticed Louise
 24095 | D:14     | Reached XP level 16. HP: 117/117 MP: 19/19
 24096 | D:14     | Killed Louise
 24251 | D:14     | Found a runed translucent gate.
 24252 | D:14     | Found a runed translucent gate.
 24253 | D:14     | Found a runed translucent gate.
 24256 | D:14     | Noticed pokeman's ghost (journeyman DEHW)
 24269 | D:14     | Killed pokeman's ghost
 24418 | D:14     | Noticed Azrael
 24428 | D:14     | Killed Azrael
 24561 | D:14     | Noticed Nessos
 24568 | D:14     | Killed Nessos
 25357 | D:15     | Entered Level 15 of the Dungeon
 25434 | D:15     | Found a staircase to the Depths.
 25594 | D:15     | Reached skill level 18 in Shapeshifting
 25714 | D:15     | Noticed Kirke
 25718 | D:15     | Killed Kirke
 26342 | D:15     | Reached skill level 5 in Shields
 26586 | Shoals:1 | Entered Level 1 of the Shoals
 26907 | Shoals:1 | Found an ornate altar of the Wu Jian Council.
 27258 | Shoals:2 | Reached XP level 17. HP: 125/125 MP: 23/23
 27346 | Shoals:2 | Reached skill level 5 in Translocations
 27682 | Shoals:2 | Noticed Mlioglotl
 27687 | Shoals:2 | Killed Mlioglotl
 28115 | Shoals:3 | Noticed Ilsuiw
 28140 | Shoals:3 | Killed Ilsuiw
 28387 | Shoals:3 | Reached skill level 5 in Spellcasting
 29124 | Shoals:4 | Entered Level 4 of the Shoals
 29187 | Shoals:4 | Found Maetaeceer's Weapon Emporium.
 29205 | Shoals:4 | Noticed Polyphemus
 29214 | Shoals:4 | Killed Polyphemus
 29525 | Shoals:4 | Found Fusmiba's Jewellery Shoppe.
 29843 | Shoals:4 | Reached skill level 10 in Dodging
 30171 | Shoals:4 | Found Goulemu's Distillery.
 30179 | Shoals:4 | Bought a potion of berserk rage for 65 gold pieces
 30179 | Shoals:4 | Bought a potion of curing for 39 gold pieces
 30179 | Shoals:4 | Bought a potion of curing for 39 gold pieces
 30179 | Shoals:4 | Bought a potion of curing for 39 gold pieces
 30179 | Shoals:4 | Bought a potion of berserk rage for 65 gold pieces
 30179 | Shoals:4 | Bought a potion of heal wounds for 65 gold pieces
 30187 | Shoals:4 | Got a barnacled rune of Zot
 30213 | Shoals:4 | Identified the +2 whip "Empos" {spect, rC+ Will+ Str+5
                  | Stlth-}
 30224 | Shoals:4 | Reached XP level 18. HP: 114/132 MP: 26/26
 30456 | Shoals:4 | Identified the +0 dagger of Xamu Yhe {freeze, rElec Dex+3}
 30686 | Shoals:4 | Found Futtocong's Distillery.
 30694 | Shoals:4 | Bought 2 potions of invisibility for 240 gold pieces
 30694 | Shoals:4 | Bought 2 potions of invisibility for 240 gold pieces
 30991 | Snake:1  | Entered Level 1 of the Snake Pit
 31019 | Snake:1  | Found a frozen archway.
 31045 | IceCv    | Entered an ice cave
 31053 | IceCv    | Reached skill level 19 in Shapeshifting
 31057 | IceCv    | Reached skill level 15 in Unarmed Combat
 31161 | IceCv    | Found a transporter.
 31169 | IceCv    | Found a transporter.
 31183 | IceCv    | Identified the +3 hand axe of the Assorted Hells {freeze,
                  | Fragile rN+ Str+5}
 31358 | Snake:1  | You fall into a shaft and drop 1 floor!
 32243 | Snake:3  | Found a flickering gateway to a bazaar.
 32250 | Bazaar   | Entered a bazaar
 32269 | Bazaar   | Found Alegef's Armour Boutique.
 32273 | Bazaar   | Found Lufacutz's General Store.
 32281 | Bazaar   | Bought a wand of roots (8) for 288 gold pieces
 32283 | Bazaar   | Bought a potion of resistance for 150 gold pieces
 32288 | Bazaar   | Found Heqooj's Antique Weapon Shoppe.
 32292 | Bazaar   | Found Puw Piba's Distillery.
 32301 | Bazaar   | Bought a potion of magic for 64 gold pieces
 32301 | Bazaar   | Bought a potion of haste for 80 gold pieces
 32301 | Bazaar   | Bought a potion of heal wounds for 40 gold pieces
 32301 | Bazaar   | Bought a potion of magic for 64 gold pieces
 32423 | Snake:3  | Noticed Mara
 32430 | Snake:3  | Killed Mara
 32431 | Snake:3  | Reached skill level 15 in Fighting
 32543 | Snake:3  | Noticed Vashnia
 32555 | Snake:3  | Killed Vashnia
 32786 | Snake:3  | Noticed Bai Suzhen
 32792 | Snake:3  | Killed Bai Suzhen
 33383 | Snake:3  | Noticed Agnes
 33388 | Snake:3  | Killed Agnes
 33877 | Snake:4  | Entered Level 4 of the Snake Pit
 33877 | Snake:4  | Noticed Aizul
 33886 | Snake:4  | Killed Aizul
 33887 | Snake:4  | Noticed Asterion
 33892 | Snake:3  | Reached XP level 19. HP: 139/139 MP: 4/29
 33984 | Snake:4  | Killed Asterion
 34317 | Snake:4  | Found a large runed translucent door.
 34317 | Snake:4  | Found a large runed translucent door.
 34319 | Snake:4  | Noticed SirDiesAlot's ghost (adept OpIE)
 34327 | Snake:4  | Killed SirDiesAlot's ghost
 34842 | Snake:4  | Got a serpentine rune of Zot
 35362 | Snake:4  | Bought the ring of Hard Scrabble {rF+ Will+ Str+3 Dex+6}
                  | for 1176 gold pieces
 36406 | Depths:1 | Entered Level 1 of the Depths
 36576 | Depths:1 | Reached skill level 20 in Shapeshifting
 36848 | Depths:1 | Found a gateway to Hell.
 36983 | Depths:1 | Reached XP level 20. HP: 147/147 MP: 31/31
 37506 | Depths:2 | Noticed a golden dragon
 37513 | Depths:2 | Killed a golden dragon
 37523 | Depths:2 | Noticed Saint Roka
 37552 | Depths:2 | HP: 1/191 [titan/the air (20)]
 37813 | Depths:2 | Killed Saint Roka
 38177 | Depths:2 | Noticed a caustic shrike
 38185 | Depths:2 | Killed a caustic shrike
 38246 | Depths:2 | Learned a level 3 spell: Ozocubu's Armour
 38252 | Depths:2 | Learned a level 5 spell: Borgnjor's Vile Clutch
 38734 | Depths:2 | Found a one-way gateway to a ziggurat.
 38734 | Depths:2 | Noticed an ancient lich
 38738 | Depths:2 | Noticed a dread lich
 38741 | Depths:2 | Killed an ancient lich
 38857 | Depths:2 | Killed a dread lich
 39005 | Depths:2 | Identified the +8 flail of the Ring {drain, rC+ Will++}
 39203 | Depths:2 | Found a blossoming altar of Fedhas.
 39545 | Depths:2 | Found a one-way gate leading to the halls of Pandemonium.
 39776 | Depths:3 | Reached skill level 10 in Shields
 39811 | Depths:3 | Identified the +10 flail of the Sheltering Ass {antimagic,
                  | Fly rN+ Str+3}
 39813 | Depths:3 | Noticed a juggernaut
 39821 | Depths:3 | Killed a juggernaut
 39833 | Depths:3 | Noticed a golden dragon
 39840 | Depths:3 | Killed a golden dragon
 39848 | Depths:3 | Reached XP level 21. HP: 153/153 MP: 16/33
 39873 | Depths:3 | Paralysed by a floating eye for 4 turns
 39879 | Depths:3 | Noticed a juggernaut
 39888 | Depths:3 | Killed a juggernaut
 40093 | Depths:3 | Identified the +7 glaive "Fautua" {freeze, rPois Str+3
                  | Dex+3 Stlth+}
 40304 | Depths:3 | Reached skill level 10 in Translocations
 40318 | Depths:3 | Noticed the Enchantress
 40320 | Depths:3 | Killed the Enchantress
 40841 | Depths:3 | Found a one-way gate to the infinite horrors of the Abyss.
 40923 | Depths:3 | Reached skill level 21 in Shapeshifting
 41464 | Depths:3 | Reached XP level 22. HP: 162/162 MP: 35/35
 41796 | Elf:1    | Entered Level 1 of the Elven Halls
 42099 | Elf:1    | Got the Catalogue of Illusion
 42165 | Elf:1    | Paralysed by an air elemental for 1 turns
 42185 | Elf:1    | Found Hithraji's General Store.
 42986 | Elf:2    | Identified the +1 scimitar of Subterfuge {pain, Int+4
                  | Stlth-}
 43478 | Elf:2    | Found a runed translucent gate.
 43478 | Elf:2    | Found a runed translucent gate.
 43478 | Elf:2    | Found a runed translucent gate.
 43890 | Elf:2    | Found a shimmering blue altar of Sif Muna.
 44265 | Elf:3    | Entered Level 3 of the Elven Halls
 44388 | Elf:3    | Reached XP level 23. HP: 167/167 MP: 29/36
 44871 | Elf:3    | Bought the ring "Ygubbib" {rF+ rN+ Will+ EV+5 Int+3} for
                  | 661 gold pieces
 44891 | Elf:3    | Reached skill level 10 in Spellcasting
 45064 | Elf:3    | Identified the +1 battleaxe "Killer Klown's Curse" {vamp,
                  | *Rage Will+ Dex+3}
 45152 | Elf:3    | Identified the staff of Resumed Hostilities {rElec rN+
                  | Dex+3 Summ Necro}
 45180 | Elf:3    | Identified the +4 lajatang of Causality {pain, rF+ rC+
                  | Int+4 Dex-3}
 45241 | Elf:3    | Identified the +3 trident of the Shrike {vamp, Str+3}
 45264 | Elf:3    | Identified the +1 great sword "Gutzaf" {protect, rElec
                  | rPois Dex+3 SInv}
 46025 | Depths:4 | Entered Level 4 of the Depths
 46028 | Depths:4 | Paralysed by a floating eye for 4 turns
 46186 | Depths:4 | Noticed Jory
 46196 | Depths:4 | Killed Jory
 46226 | Depths:4 | Noticed a golden dragon
 46247 | Depths:4 | Killed a golden dragon
 46540 | Depths:4 | Found Kitoc's Magic Scroll Emporium.
 46545 | Depths:4 | Bought a scroll of acquirement for 1040 gold pieces
 46547 | Depths:4 | Acquired 1019 gold pieces
 46631 | Depths:4 | Found a corrupted altar of Lugonu.
 46844 | Depths:4 | Identified the +1 bardiche of Fakopace {distort, rN+}
 46874 | Depths:4 | Noticed a golden dragon
 46886 | Depths:4 | Killed a golden dragon
 46907 | Depths:4 | Found a gate to the Realm of Zot.
 47288 | Vaults:1 | Entered Level 1 of the Vaults
 47477 | Vaults:1 | Reached skill level 22 in Shapeshifting
 48018 | Vaults:1 | Reached XP level 24. HP: 175/175 MP: 37/37
 48122 | Vaults:1 | Found Veont's General Store.
 48571 | Vaults:1 | Acquired 999 gold pieces
 49463 | Vaults:2 | Found a staircase to the Crypt.
 49930 | Vaults:2 | Found Fihudiala's Book Shoppe.
 52067 | Vaults:3 | Found Ifocas's Armour Emporium.
 52100 | Vaults:3 | Found a large runed translucent door.
 52100 | Vaults:3 | Noticed Sundig's ghost (adept MiFi)
 52101 | Vaults:3 | Found a large runed translucent door.
 52160 | Vaults:3 | Killed Sundig's ghost
 52167 | Vaults:3 | Identified the +1 hat of Paniekhlu {rF+ Str+3}
 53032 | Vaults:4 | Noticed Sojobo
 53044 | Vaults:4 | Killed Sojobo
 53213 | Vaults:4 | Found a runed translucent door.
 53282 | Vaults:4 | Reached XP level 25. HP: 183/183 MP: 38/38
 53346 | Vaults:4 | Noticed Xtahua
 53349 | Vaults:4 | Killed Xtahua
 54319 | Vaults:4 | Reached skill level 15 in Dodging
 54818 | Vaults:4 | Reached skill level 23 in Shapeshifting
 55260 | Slime:1  | Entered Level 1 of the Pits of Slime
 59797 | Slime:5  | Entered Level 5 of the Pits of Slime
 59826 | Slime:5  | Noticed the Royal Jelly
 59843 | Slime:5  | Killed the Royal Jelly
 59903 | Slime:5  | Gained mutation: You sometimes lose your temper in combat.
                  | [a shining eye]
 59966 | Slime:5  | Got a slimy rune of Zot
 61157 | Crypt:1  | Entered Level 1 of the Crypt
 61161 | Crypt:1  | Reached XP level 26. HP: 191/191 MP: 36/39
 61383 | Crypt:1  | Lost mutation: You sometimes lose your temper in combat.
                  | [potion of mutation]
 61383 | Crypt:1  | Gained mutation: You passively map a small area around you.
                  | [potion of mutation]
 61383 | Crypt:1  | Gained mutation: You are partially covered in iridescent
                  | scales. (AC +2) [potion of mutation]
 62532 | Crypt:2  | Noticed Sundig's ghost (veteran MiFi)
 62532 | Crypt:2  | Found a runed translucent door.
 62812 | Crypt:2  | Noticed Frederick
 62824 | Crypt:2  | Killed Frederick
 63560 | Crypt:2  | Killed Sundig's ghost
 63729 | Crypt:3  | Entered Level 3 of the Crypt
 64092 | Crypt:3  | Noticed a dread lich
 64105 | Crypt:3  | Killed a dread lich
 64663 | Crypt:3  | Found an ancient bone altar of Kikubaaqudgha.
 64666 | Crypt:3  | Found a basalt altar of Yredelemnul.
 64707 | Crypt:3  | Identified the +0 scale mail "Vallom" {Str+3}
 64708 | Crypt:3  | Identified the +0 scale mail of Festooned Life {+Blink
                  | Regen+ Str+3 Stlth+}
 64727 | Crypt:3  | Identified the ring of Opehegul {rPois rN+ Int+6}
 64727 | Crypt:3  | Identified the ring of Sibbilirch {rN+ MP+9 Str-2 Dex+6
                  | Slay-4}
 64859 | Crypt:3  | Reached skill level 24 in Shapeshifting
 65938 | Crypt:3  | Found a staircase to the Tomb.
 66240 | Vaults:5 | Entered Level 5 of the Vaults
 66575 | Vaults:5 | Reached XP level 27. HP: 195/199 MP: 40/40
 66707 | Vaults:5 | Identified the +2 pair of boots of Dutto {rElec rC+++ MP+9
                  | Dex-3 Slay+3}
 66716 | Vaults:5 | Noticed a dread lich
 66718 | Vaults:5 | Killed a dread lich
 66797 | Vaults:5 | Noticed an ancient lich
 66808 | Vaults:5 | Killed an ancient lich
 67653 | Vaults:5 | Found Vale's Magic Scroll Shoppe.
 67660 | Vaults:5 | Got the Volume of Gases and Percussion
 67662 | Vaults:5 | Bought a scroll of acquirement for 624 gold pieces
 67662 | Vaults:5 | Bought a scroll of teleportation for 36 gold pieces
 67662 | Vaults:5 | Bought a scroll of blinking for 90 gold pieces
 67662 | Vaults:5 | Acquired 416 gold pieces
 67664 | Vaults:5 | Identified the staff of Hubris {Str+5 Int-4 SInv Conj}
 67666 | Vaults:5 | Got the Directory of Peccant Voltage
 67943 | Vaults:5 | Identified the staff "Zahaot" {Dex+7 Earth}
 68302 | Vaults:5 | Found Paom Gerha's Magic Scroll Shop.
 68303 | Vaults:5 | Found Isas's Assorted Antiques.
 68309 | Vaults:5 | Bought a scroll of blinking for 82 gold pieces
 68317 | Vaults:5 | Bought a scroll of teleportation for 60 gold pieces
 68439 | Vaults:5 | Got a silver rune of Zot
 68445 | Vaults:5 | Identified the +2 rapier of Cumpoce {drain, Str+3 Int+2
                  | SInv}
 68966 | D:15     | Bought the ring "Kocwes" {Wiz rElec Int+5} for 872 gold
                  | pieces
 69192 | Tomb:1   | Entered Level 1 of the Tomb of the Ancients
 69599 | Tomb:1   | Noticed a royal mummy
 69615 | Tomb:1   | Noticed a royal mummy
 69617 | Tomb:1   | Killed a royal mummy
 70288 | Tomb:1   | Killed a royal mummy
 71202 | Tomb:2   | Noticed a royal mummy
 71202 | Tomb:2   | Noticed a royal mummy
 71202 | Tomb:2   | Noticed a royal mummy
 71204 | Tomb:2   | Noticed a royal mummy
 71212 | Tomb:2   | Killed a royal mummy
 71224 | Tomb:2   | Reached skill level 15 in Translocations
 71226 | Tomb:2   | HP: 2/200 [ushabti/dispel undead (20)]
 71226 | Tomb:2   | Killed from afar by an ushabti

Illustrated notes

Levels and vault maps discovered:
D:1:      dpeg_arrival_arbitrary_c, layout_loops_ring, minmay_crystal_water
D:2:      kennysheep_six_static_rooms, layout_basic
D:3:      layout_rooms, overflow_temple_1_default,
          hellmonk_ecumenical_altar_heavens_door, serial_shops, shop,
          uniq_jessica
D:4:      layout_basic, minmay_temple_entry_purple_smoke,
          uniq_crazy_yiuf_cottage
D:5:      layout_loops_ring, kiku_gazebo_garden_becter,
          mainiacjoe_overflow_brackets, dk_yredelemnul_ordeal,
          nicolae_uskayaw_en_pointe
D:6:      layout_basic, general_overflow_altar, marbit_many_paths,
          hangedman_decor_opposing, uniq_maggie
D:7:      layout_cave_pools, zin_angel, serial_shops, nicolae_shop_behind_doors,
          minmay_tree_intersection, uniq_menkaure
D:8:      layout_loops_ring, minmay_hollow_rounded_squares
D:9:      layout_loops_corners, elyvilon_altar_3,
          nicolae_overflow_crystal_walls, eino_jars
D:10:     layout_layer_cave, nicolae_overflow_hidden_temple,
          mainiacjoe_overflow_catwalk, erik_lair_orcish_takeover, orc_david_3,
          uniq_erolcha
D:11:     layout_basic, uniq_josephine
D:12:     minmay_mutant_horseshoe, layout_cave_pools, serial_bayou_lagoon_b,
          uniq_jorgrun
D:13:     layout_rooms, david_vaults_4, serial_shops, shop,
          gammafunk_ghost_cemetery, uniq_sonja, uniq_frances, uniq_maurice
D:14:     nzn_motion_control, layout_layer_cave, gammafunk_ghost_spectres,
          minivault_11, uniq_azrael, uniq_louise, uniq_nessos
D:15:     hangedman_depths_entry_civil_slaughter, layout_basic, uniq_kirke
Temple:   nicolae_temple_bog_church
Lair:1:   layout_cave_pods
Lair:2:   layout_cave_pods, minmay_shoals_entry_centaurs,
          guppyfry_snake_entry_island
Lair:3:   gammafunk_worm_tunnel, layout_cellular_growth,
          ebering_ghost_disaster_area, grunt_megastairs_5
Lair:4:   layout_cave_pods
Lair:5:   evilmike_catoblepas_cave, layout_cave_pods,
          minmay_slime_entry_oklob_open, st_stairs_8
Shoals:1: layout_shoals, lemuel_oklob_altar
Shoals:2: nicolae_shoals_aurelia_aurita, layout_shoals,
          nicolae_shoals_cliffside_cave, uniq_mlioglotl
Shoals:3: layout_shoals, nicolae_shoals_bring_sunscreen, uniq_ilsuiw
Shoals:4: shoals_end_simple, layout_shoals, serial_shops,
          nicolae_shop_advertising_works [nicolae_subvault_shop_adworks],
          nicolae_shop_industrial_runoff, nicolae_shop_statue_plus, shop,
          uniq_polyphemus
Snake:1:  cheibrodos_forgotten_conduit, layout_gridlike,
          portal_ice_cave_entry_ice_simulacra
Snake:2:  nicolae_snake_nest, layout_gridlike
Snake:3:  layout_grid_maze, serial_shops, bzr_entry_safe, uniq_agnes,
          uniq_vashnia, uniq_mara, uniq_bai_suzhen
Snake:4:  hellmonk_snake_rune_quicksilver_temple, layout_cave_town,
          ebering_ghost_disaster_area, nicolae_twisty_statue_hallways,
          uniq_asterion, uniq_aizul
Slime:1:  layout_caves, cheibrodos_slime_lost_civilization_5
Slime:2:  layout_caves
Slime:3:  layout_caves
Slime:4:  layout_caves, special_room [special_room_jelly]
Slime:5:  slime_pit
Orc:1:    layout_caves, serial_shops, nicolae_shop_competitors_out_of_business,
          nicolae_shop_tiny_glass, shop, nicolae_shop_hallway_stairs,
          nicolae_shop_bloodbath_and_beyond
Orc:2:    pubby_orc_utopia, serial_shops
Elf:1:    minmay_elf_arrival_summoners, layout_onion_city, serial_shops, shop,
          minmay_elf_demonology
Elf:2:    elven_hall_of_blades_hangedman_original [mumra_blade_entry_dagger],
          layout_gridlike, basic_altar, small_chamber_with_monster,
          minivault_15, minmay_misc_feat_ornament
Elf:3:    minmay_elf_hall_not_hex, layout_gridlike
Vaults:1: vaults_room_guarded_vault, v_misc_1, v_rooms_4,
          hangedman_vaults_snaps, nicolae_vaults_trapezoid_1,
          nicolae_vaults_tetromino_Z_1, v_misc_10, layout_vaults_omnigrid,
          serial_shops, shop
Vaults:2: v_misc_14, minmay_crypt_entry_vampire_xt,
          nicolae_vaults_tetromino_L_1, v_misc_31, ontoclasm_vaults_spin,
          grunt_vaults_hallway_short, nicolae_vaults_little_squares_5,
          nicolae_vaults_security_offices_5, v_pattern_2,
          nicolae_vaults_meiosis, layout_vaults_ring, serial_shops, shop
Vaults:3: advil_vaults_ghost_guards, nicolae_vaults_specimen_jars,
          nicolae_vaults_double_plus_1, grunt_vaults_swirl,
          nicolae_vaults_shipping_containers_6, ontoclasm_vaults_misaligned,
          vaults_standard_mumra_enter_the_diamond,
          nicolae_vaults_taking_the_gang_shopping, ontoclasm_vaults_ring_large,
          nicolae_vaults_shelves_hall, nicolae_vaults_little_squares_3,
          v_misc_1, ontoclasm_vaults_decontamination,
          nicolae_vaults_double_plus_2, vaults_dpeg_doors,
          layout_vaults_omnicross
Vaults:4: ontoclasm_vaults_shuriken, nicolae_vaults_shrinking_rooms_1,
          ontoclasm_vaults_tryst, vaults_room_hallway, nicolae_vaults_theta,
          vaults_mumra_chevron, hangedman_vaults_locks, v_misc_15,
          nicolae_vaults_little_squares_3, serial_ice_b,
          nicolae_vaults_little_ls, nicolae_vaults_oozy_zoo,
          layout_vaults_chaotic_city, uniq_sojobo, uniq_xtahua, uniq_margery
Vaults:5
Crypt:1:  layout_gridlike
Crypt:2:  layout_rooms, hellmonk_ghost_happy_afterlife,
          nicolae_crypt_little_mausoleum, uniq_frederick
Crypt:3:  lightli_unholy_cathedral, layout_chaotic_city,
          nicolae_tomb_entry_unfolded_pyramid_diagonal, moated_statue,
          minmay_misc_feat_hallway, amcnicky_mini_pool_small,
          small_statue_intersection
Tomb:1
Tomb:2
Depths:1: layout_roguey, grunt_hell_entry_dis_mu, minmay_misc_feat_columns,
          dreamdust_wishing_well, minmay_starry_boxes, kennysheep_random_hallway
Depths:2: minmay_box_of_curves, layout_gridlike, enter_ziggurat_d, pan_entry,
          hell_entry, fedhas_altar_1, uniq_saint_roka
Depths:3: minmay_the_grid_octo_tiled_octocenter [minmay_the_grid_octo_77,
          minmay_the_grid_octo_checkered, minmay_the_grid_octo_focus,
          minmay_the_grid_octo_chip,
          minmay_the_grid_octo_prize_square_snowflake,
          minmay_the_grid_square_5x5_inset, minmay_the_grid_square_5x5_bridge,
          minmay_the_grid_square_5x5_checkered_statues,
          minmay_the_grid_square_5x5_six], layout_gridlike, hell_entry,
          abyss_entry_crystal, hex_subvault_crossings
Depths:4: grunt_zot_entry_gee_three, layout_small_grid, serial_shops,
          nicolae_shop_tiny_real_fake_doors, hell_entry,
          abyss_entry_flame_altar, uniq_jory

Skill      XL: |  1  2  3  4  5  6  7  8  9 10 11 12 13 14 15 16 17 18 19 20 21 22 23 24 25 26 27 |
---------------+----------------------------------------------------------------------------------+-----
Fighting       | 2 3 4 5 6 8 9 10 11 12 13 14 15 16 17 18 19 | 19.7
Shapeshifting  | 4 5 6 8 9 11 12 14 15 16 17 18 19 20 21 22 23 24 | 24.8
Unarmed Combat | 4 5 6 7 9 10 11 12 13 14 15 16 17 18 19 | 19.7
Dodging        | 4 6 8 9 10 11 12 13 14 15 16 17 | 17.0
Shields        | 3 5 6 7 9 10 11 12 13 14 | 14.5
Translocations | 2 4 6 7 8 9 10 11 12 13 14 15 | 15.0
Spellcasting   | 2 4 5 6 7 8 9 10 11 12 13 | 13.8

Action                     |  1- 3 |  4- 6 |  7- 9 | 10-12 | 13-15 | 16-18 | 19-21 | 22-24 | 25-27 || total
---------------------------+-------+-------+-------+-------+-------+-------+-------+-------+-------++-------
  Melee: Unarmed           |    66 |   137 |   226 |   400 |   649 |   706 |   590 |   857 |  1190 ||  4821
         Constrict         |    19 |    38 |    48 |    56 |   103 |   119 |    48 |    55 |    13 ||   499
         Tentacles         |    12 |    29 |    74 |    80 |   135 |   158 |    94 |    97 |    29 ||   708
         Punch             |     2 |     3 |     3 |    14 |    57 |    65 |    53 |    48 |    95 ||   340
         Tailslap          |       |       |       |    26 |       |       |       |       |       ||    26
         Bite              |       |       |       |    15 |       |       |       |       |       ||    15
   Cast: Manifold Assault  |       |       |       |       |       |    41 |   162 |   407 |   524 ||  1134
 Invoke: Call Merchant     |       |       |       |     1 |       |     1 |     1 |     3 |       ||     6
         Potion Petition   |       |       |       |       |       |       |       |       |     1 ||     1
Ability: Breathe Fire      |       |       |       |     1 |       |       |       |       |       ||     1
  Evoke: Wand              |       |       |     4 |    11 |       |       |       |       |       ||    15
    Use: Scroll            |       |     5 |     6 |    11 |     2 |     7 |     1 |     2 |     5 ||    39
         Potion            |       |     5 |     1 |     3 |    16 |     7 |     6 |     2 |     1 ||    41
   Stab: Sleeping          |     4 |     5 |       |     4 |    13 |    21 |     8 |     3 |     1 ||    59
         Distracted        |     1 |       |     1 |       |     4 |     4 |     8 |     5 |     9 ||    32
         Paralysed         |       |       |    10 |     9 |       |       |       |       |       ||    19
         Invisible         |       |       |       |       |       |     2 |       |       |       ||     2
         Petrified         |       |       |       |       |       |     1 |       |       |       ||     1
 Armour: Skin              |    28 |    66 |    99 |   241 |   419 |   534 |   251 |   218 |   191 ||  2047
  Dodge: Dodged            |    29 |    65 |    97 |   220 |   507 |   693 |   315 |   310 |   655 ||  2891
  Block: Buckler           |       |       |       |       |    65 |   775 |   397 |   416 |   175 ||  1828
         Reflection        |       |       |       |       |     6 |    64 |    30 |    42 |    14 ||   156
         Other             |       |       |       |       |       |       |       |       |    85 ||    85
   Form: Flux              |       |       |     1 |       |       |       |       |       |       ||     1
         Dragon            |       |       |       |     1 |       |       |       |       |       ||     1
         Statue            |       |       |       |     1 |       |       |       |       |       ||     1
         Storm             |       |       |       |       |       |       |       |       |     1 ||     1
         Death             |       |       |       |       |       |       |       |       |     1 ||     1

Table legend: (Time is in decaauts)
 A = Elapsed time spent in this place.
 B = Non-inter-level travel time spent in this place.
 C = Inter-level travel time spent in this place.
 D = Time resting spent in this place.
 E = Time spent auto-exploring this place.
 F = Levels seen in this place.
 G = Mean time per level.
                   A        B        C        D        E       F      G
               +--------+--------+--------+--------+--------+-----+--------+
         Total |  91963 |  84379 |   7584 |   2493 |  69442 |  55 | 1672.1 |
       Dungeon |  20816 |  18196 |   2620 |    548 |  14657 |  15 | 1387.7 |
        Temple |     20 |      2 |     18 |      0 |      0 |   1 |   20.0 |
          Lair |   9958 |   8725 |   1233 |     51 |   7351 |   5 | 1991.6 |
        Shoals |   7985 |   7659 |    326 |    400 |   5882 |   4 | 1996.2 |
     Snake Pit |   7093 |   6720 |    373 |    118 |   5585 |   4 | 1773.2 |
    Slime Pits |   5581 |   5196 |    385 |    428 |   4104 |   5 | 1116.2 |
  Orcish Mines |   3652 |   3099 |    553 |     10 |   2412 |   2 | 1826.0 |
   Elven Halls |   5645 |   5291 |    354 |     90 |   4489 |   3 | 1881.7 |
        Vaults |  14226 |  13404 |    822 |    295 |  11735 |   5 | 2845.2 |
         Crypt |   4884 |   4624 |    260 |      0 |   4076 |   3 | 1628.0 |
          Tomb |   2023 |   1853 |    170 |     85 |   1541 |   2 | 1011.5 |
        Depths |   9504 |   9040 |    464 |    466 |   7234 |   4 | 2376.0 |
        Bazaar |    188 |    188 |      0 |      0 |    120 |   1 |  188.0 |
      Ice Cave |    382 |    382 |      0 |      0 |    253 |   1 |  382.0 |
               +--------+--------+--------+--------+--------+-----+--------+

Top non-repeatable levels by time:
Vaults:4: 3620 daAuts
Depths:2: 2969 daAuts
Vaults:3: 2955 daAuts
Vaults:1: 2897 daAuts
Shoals:4: 2816 daAuts
Depths:3: 2776 daAuts
Vaults:2: 2640 daAuts
   Orc:2: 2633 daAuts
  Lair:3: 2524 daAuts
 Snake:3: 2498 daAuts
 Crypt:3: 2273 daAuts
    D:14: 2182 daAuts
Depths:1: 2182 daAuts
     D:9: 2171 daAuts
Shoals:3: 2135 daAuts
